 Dungeon Crawl Stone Soup version 0.31.0-9-g3a7656b989 (webtiles) character file.

Game seed: 3743377993834583371

9017 Killerpretzel the Geomancer (level 11, -13/54 HPs)
             Began as a Gargoyle Earth Elementalist on Jan 30, 2024.
             Was a Believer of Vehumet.
             Mangled by a purple very ugly thing (25 damage)
             ... on level 10 of the Dungeon.
             The game lasted 00:52:18 (11008 turns).

Killerpretzel the Geomancer (GrEE)                 Turns: 11008, Time: 00:52:18

Health: -13/54     AC: 12    Str: 12    XL:     11   Next: 39%
Magic:  17/23      EV: 18    Int: 26    God:    Vehumet [**....]
Gold:   572        SH:  0    Dex: 10    Spells: 19/27 levels left

rFire   + . .        E - staff of earth
rCold   + . .        (no shield)
rNeg    + . .        a - +1 robe
rPois   ∞            (no helmet)
rElec   +            e - scarf {rC+ rF+}
rCorr   .            r - +0 pair of gloves
SInv    .            (no boots)
Will    .....        (no amulet)
Stlth   +++          i - +6 ring of intelligence
HPRegen 0.29/turn    k - +5 ring of evasion
MPRegen 0.18/turn

%: no passive effects
@: weak-willed, slowed, very slow
A: sickness immunity, AC +8, negative energy resistance 1, electricity
resistance, torment resistance 1, petrification resistance, mutation resistance
1
a: Renounce Religion


You were on level 10 of the Dungeon.
You worshipped Vehumet.
Vehumet was pleased with you.
You visited 2 branches of the dungeon, and saw 11 of its levels.

You collected 572 gold pieces.

Inventory:

Hand Weapons
 d - a +0 short sword
 q - a +2 spear of freezing
 y - a +2 halberd of venom
 H - a +3 dagger of chaos
Armour
 a - a +1 robe (worn)
 e - a scarf of resistance (worn)
 r - a +0 pair of gloves (worn)
 F - the +1 chain mail "Xato" {rF+ Regen+}
   (You found it on level 9 of the Dungeon)

   rF+:       It protects you from fire.
   Regen+:    It increases your rate of health regeneration.
 J - a scarf of repulsion
Magical Staves
 E - a staff of earth (weapon)
Jewellery
 g - a ring of flight
 i - a +6 ring of intelligence (left hand)
 k - a +5 ring of evasion (right hand)
 l - a ring of protection from cold
 n - a ring of see invisible
 u - a ring of protection from cold
 G - a +4 ring of protection
Wands
 f - a wand of light (6)
 z - a wand of polymorph (8)
 A - a wand of charming (12)
 B - a wand of digging (5)
Scrolls
 h - a scroll of enchant armour
 m - 2 scrolls of amnesia
 t - 3 scrolls of vulnerability
 w - 3 scrolls of identify
 x - a scroll of poison {unknown}
 C - 2 scrolls of fog {unknown}
 D - a scroll of revelation {unknown}
Potions
 b - a potion of magic
 c - 3 potions of enlightenment
 j - a potion of haste
 o - 2 potions of degeneration {unknown}
 p - a potion of mutation
 s - 4 potions of curing
 v - a potion of ambrosia {unknown}
 I - 2 potions of might {unknown}


   Skills:
 + Level 6.5 Dodging
 - Level 8.0 Stealth
 * Level 8.7 Spellcasting
 + Level 8.2 Conjurations
 + Level 10.5 Earth Magic


You had 19 spell levels left.
You knew the following spells:

 Your Spells              Type           Power      Damage    Failure   Level
a - Sandblast             Erth           100%       2d20      1%          1
b - Stone Arrow           Conj/Erth      100%       3d13      1%          3
c - Brom's Barrelling Bo  Conj/Erth      74%        2d9       1%          4

Your spell library contained the following spells:

 Spells                   Type           Power      Damage    Failure   Level
 Searing Ray              Conj           100%       2d8       1%          2
 Static Discharge         Conj/Air       64%        3-6/arc   1%          2
 Passwall                 Erth           78%        N/A       1%          3
 Petrify                  Alch/Erth      55%        N/A       6%          4
 Call Imp                 Summ           22%        N/A       8%          2
 Summon Ice Beast         Ice/Summ       11%        N/A       16%         3
 Airstrike                Air            5%         2d(1-17)  45%         4
 Dispel Undead            Necr           11%        3d9       45%         4
 Martyr's Knell           Necr/Summ      11%        N/A       45%         4
 Summon Lightning Spire   Summ/Air       11%        N/A       45%         4
 Summon Mana Viper        Hex/Summ       11%        N/A       82%         5
 Death Channel            Necr           5%         N/A       100%        6
 Monstrous Menagerie      Summ           5%         N/A       100%        7
 Summon Hydra             Summ           5%         N/A       100%        7
 Cigotuvi's Dreadful Rot  Necr/Alch/Air  Unusable   N/A       N/A         2
 Sublimation of Blood     Necr           Unusable   N/A       N/A         2

Dungeon Overview and Level Annotations

Branches:
Dungeon (10/15)            Temple (1/1) D:6
   Lair: D:8-11         Orc: D:9-12

Altars:
Ashenzari
Cheibriados
Dithmenos
Elyvilon
Fedhas
Gozag
Hepliaklqana
Kikubaaqudgha
Makhleb
Nemelex Xobeh
Okawaru
Ru
Sif Muna
Trog
Uskayaw
Vehumet
Wu Jian
Xom
Yredelemnul
Zin
The Shining One

Shops:
D:6 [

Annotations:
D:4 2 transporters, Killerpretzel's ghost, amateur FeSu
D:7 exclusion: downstairs
D:9 exclusion: door
D:10 exclusions: deep elf pyromancer, 2 doors and 1 more exclusion
Temple 2 transporters


Innate Abilities, Weirdness & Mutations

You are immune to sickness and miasma.
Your stone body is resilient. (AC +8)
You are immune to poison.
You resist negative energy. (rN+)
You are resistant to electric shocks. (rElec)
You are resistant to unholy torment.
You are immune to petrification.
You are somewhat resistant to further mutation.


Message History

You closely miss the freezing wraith. The freezing wraith closely misses you.
The freezing wraith misses you.
The purple very ugly thing closely misses you.
As you read the scroll labelled EQOQIC EVASAF, it crumbles to dust.
A wave of despondency washes over your surroundings.
It was a scroll of vulnerability.
The freezing wraith barely misses you.
The freezing wraith completely misses you.
The purple very ugly thing barely misses you.
Okay, then.
As you read the scroll labelled TUANTY YJITO, it crumbles to dust.
It is a scroll of amnesia.
Okay, then.
The freezing wraith closely misses you. The freezing wraith hits you.
The freezing wraith drains your vigour!
You feel yourself slow down. The purple very ugly thing claws you!
Casting: Stone Arrow (safe; 1% risk of failure)
Confirm with . or Enter, or press ? or * to list all spells.
Aiming: Stone Arrow (safe; 1% risk of failure)
Press: ? - help, Shift-Dir - straight line, f - freezing wraith
Aim: a freezing wraith (weak-willed, 78% to hit)
You feel a surge of power!
The stone arrow hits the freezing wraith!
The freezing wraith is lightly damaged.
The freezing wraith closely misses you.
The freezing wraith hits you but does no damage.
The purple very ugly thing claws you! The freezing wraith barely misses you.
The freezing wraith completely misses you.
Casting: Stone Arrow (safe; 1% risk of failure)
Confirm with . or Enter, or press ? or * to list all spells.
Aiming: Stone Arrow (safe; 1% risk of failure)
Press: ? - help, Shift-Dir - straight line, f/p - freezing wraith
Aim: a freezing wraith (lightly damaged, weak-willed, 78% to hit)
You feel a surge of power!
The stone arrow hits the freezing wraith.
The freezing wraith is moderately damaged.
The purple very ugly thing claws you but does no damage.
The freezing wraith hits you! The freezing wraith freezes you! You resist.
* * * LOW HITPOINT WARNING * * *
The freezing wraith barely misses you. The purple very ugly thing claws you!!
You die...

#.# ##.#.#######.## # #.#
#.#.# #.# ## #.####.#.#
#.# #B #........# ##'##
#.. ######.### ##...## ##.
#.# ##.....## ## ##.##
##.......##
##...####.........###
#.....W@u.........'.#[..
####...####.......).###.u.
#........###.......##[....
#.#...##.# ##.....###....
#......#.# ##......#...
#......#.# #..#####..
#......#.# #..# #+###
#.#...##.# #..#####...##
#.##.###.# #..##..#.....


You could see a purple very ugly thing (weak-willed) and a freezing wraith
(weak-willed).

Vanquished Creatures
  A catoblepas (D:10)
  Maggie (D:8)
  An unseen horror (D:10)
  A kobold demonologist (D:10)
  A komodo dragon (D:10)
  Psyche (D:8)
  A polar bear (D:8)
  12 yaks
  A centaur simulacrum (D:10)
  2 wyverns
  Grum (D:8)
  An unseen horror simulacrum (D:8)
  2 steam dragons (D:9)
  7 orc warriors
  An ogre (D:9)
  3 ice beasts
  3 black bears
  2 sky beasts (D:8)
  2 wolves (D:8)
  4 centaurs
  A phantom (D:4)
  A kobold brigand (D:8)
  2 gnoll sergeants (D:8)
  A bullfrog (D:4)
  7 wights
  A hornet simulacrum (D:8)
  7 killer bees
  2 electric eels (D:8)
  5 howler monkeys
  3 bombardier beetles
  2 hounds
  A jelly (D:8)
  2 orc priests
  2 gnoll boudas
  5 orc wizards
  3 iguanas (D:5)
  A killer bee simulacrum (D:8)
  23 gnolls
  8 adders
  3 white imps
  4 ufetubi
  4 dart slugs
  3 ribbon worms (D:3)
  44 orcs
  7 bats
  7 endoplasms
  4 giant cockroaches
  7 hobgoblins
  4 quokkas
  8 ball pythons
  2 frilled lizards (D:3)
  5 goblins
  9 kobolds
  4 rats
240 creatures vanquished.

Vanquished Creatures (collateral kills)
  7 boulders (D:10)
7 creatures vanquished.

Vanquished Creatures (others)
  2 boulders (D:10)
2 creatures vanquished.

Grand Total: 249 creatures vanquished

Notes
Turn   | Place    | Note
-------+----------+-------------------------------------------
     0 | D:1      | Killerpretzel the Gargoyle Earth Elementalist began the
                  | quest for the Orb.
     0 | D:1      | Reached XP level 1. HP: 10/10 MP: 3/3
   194 | D:1      | Reached XP level 2. HP: 15/15 MP: 0/5
   696 | D:1      | Reached XP level 3. HP: 19/19 MP: 2/6
  1017 | D:2      | Reached skill level 4 in Earth Magic
  1666 | D:3      | Found an ornate altar of the Wu Jian Council.
  1676 | D:3      | Found a snail-covered altar of Cheibriados.
  1737 | D:3      | Reached XP level 4. HP: 12/24 MP: 2/7
  2389 | D:3      | Reached XP level 5. HP: 28/28 MP: 4/8
  2637 | D:3      | Found an iron altar of Okawaru.
  2766 | D:3      | Found a faded altar of an unknown god.
  2770 | D:3      | Found a sacrificial altar of Ru.
  2940 | D:4      | Noticed Killerpretzel's ghost (amateur FeSu)
  2941 | D:4      | Found a transporter.
  2941 | D:4      | Found a transporter.
  2944 | D:4      | Identified the +5 dire flail "Dragonbane" {flame, rC+}
  2944 | D:4      | Noticed an ogre
  3055 | D:4      | Noticed a phantom
  3579 | D:3      | Learned a level 3 spell: Stone Arrow
  3640 | D:4      | Killed a phantom
  3641 | D:4      | Reached skill level 5 in Earth Magic
  3641 | D:4      | Reached XP level 6. HP: 27/32 MP: 5/10
  3866 | D:4      | Found a white marble altar of Elyvilon.
  4060 | D:5      | Entered Level 5 of the Dungeon
  4147 | D:5      | Noticed an ice beast
  4156 | D:5      | Killed an ice beast
  4157 | D:5      | Reached XP level 7. HP: 29/36 MP: 4/11
  4375 | D:5      | Reached skill level 6 in Earth Magic
  5128 | D:6      | Reached XP level 8. HP: 41/41 MP: 7/13
  5181 | D:6      | Reached skill level 7 in Earth Magic
  5260 | D:6      | Found Evoux's Antique Armour Emporium.
  5270 | D:6      | Reached skill level 5 in Stealth
  5434 | D:6      | Found a staircase to the Ecumenical Temple.
  5458 | Temple   | Found a transporter.
  5458 | Temple   | Found a transporter.
  5458 | Temple   | Found a transporter.
  5458 | Temple   | Found a transporter.
  5458 | Temple   | Entered the Ecumenical Temple
  6141 | D:7      | Found a burning altar of Makhleb.
  6748 | D:8      | Noticed Psyche
  6749 | D:8      | Noticed Grum
  6789 | D:8      | Reached skill level 5 in Conjurations
  6864 | D:8      | Reached XP level 9. HP: 45/45 MP: 10/16
  6866 | D:8      | Found a sparkling altar of Nemelex Xobeh.
  6871 | D:8      | Reached skill level 8 in Earth Magic
  6967 | D:8      | Noticed a polar bear
  6974 | D:8      | Reached skill level 5 in Spellcasting
  6991 | D:9      | Identified the +1 chain mail "Xato" {rF+ Regen+}
  7093 | D:9      | Found a radiant altar of Vehumet.
  7112 | D:9      | Became a worshipper of Vehumet
  7192 | D:9      | Reached skill level 5 in Dodging
  7388 | D:9      | Reached XP level 10. HP: 49/50 MP: 0/19
  7525 | D:9      | Reached skill level 9 in Earth Magic
  7808 | D:8      | Reached * piety under Vehumet
  7808 | D:8      | Offered knowledge of Magic Dart by Vehumet.
  7878 | D:8      | Found a glowing golden altar of the Shining One.
  7880 | D:8      | Noticed an angel
  7990 | D:8      | Killed Grum
  8181 | D:8      | Killed Psyche
  8191 | D:8      | Noticed Maggie
  8197 | D:8      | Killed Maggie
  8939 | D:8      | Found a basalt altar of Yredelemnul.
  8941 | D:8      | Noticed a profane servitor
  9245 | D:8      | Gained mutation: Your magical capacity is low. (-10% MP)
                  | [potion of mutation]
  9245 | D:8      | Gained mutation: You are strong-willed. (Will+) [potion of
                  | mutation]
  9245 | D:8      | Gained mutation: You possess an exceptional clarity of
                  | mind. [potion of mutation]
  9288 | D:8      | HP: 2/50 [orc warrior/+0 war axe (7)]
  9459 | D:8      | Lost mutation: You are strong-willed. (Will+) [potion of
                  | mutation]
  9459 | D:8      | Lost mutation: You possess an exceptional clarity of mind.
                  | [potion of mutation]
  9459 | D:8      | Lost mutation: Your magical capacity is low. (-10% MP)
                  | [potion of mutation]
  9459 | D:8      | Gained mutation: You are somewhat resistant to further
                  | mutation. [potion of mutation]
  9479 | D:8      | Reached XP level 11. HP: 37/54 MP: 14/22
  9544 | D:8      | Learned a level 4 spell: Brom's Barrelling Boulder
  9560 | D:9      | Reached skill level 10 in Earth Magic
  9563 | D:9      | Reached ** piety under Vehumet
  9564 | D:9      | Offered knowledge of Sting by Vehumet.
  9963 | D:10     | Entered Level 10 of the Dungeon
 10322 | D:10     | Noticed a catoblepas
 10322 | D:10     | Noticed a deep elf pyromancer
 10403 | D:10     | Noticed a manticore
 10441 | D:10     | Offered knowledge of Searing Ray by Vehumet.
 10443 | D:10     | Killed a catoblepas
 10648 | D:10     | Noticed a boulder beetle
 10648 | D:10     | Noticed a purple very ugly thing
 11008 | D:10     | Mangled by a purple very ugly thing

Illustrated notes

Levels and vault maps discovered:
D:1:      eino_arrival_druids_welcome, layout_rooms, nrook_loot_triangle,
          chequers_serial_rivers_small_3, minmay_tetromino_o2
D:2:      layout_loops_ring, hangedman_abyss_or_decor_stabs
D:3:      layout_loops_corners, nicolae_overflow_ecumenical_swirl,
          mainiacjoe_overflow_big_doors, mainiacjoe_overflow_catwalk
D:4:      layout_gridville, mainiacjoe_overflow_tiny_flanked,
          gammafunk_ghost_smash
D:5:      layout_basic, abandoned_shop
D:6:      layout_rooms, minmay_temple_entry_slanted, serial_shops, shop,
          bh_walls_and_bars
D:7:      layout_basic, mainiacjoe_overflow_boulevard
D:8:      minmay_inner_zag, layout_rooms, grunt_temple_overflow_holy_war,
          nemelex_xobeh_ov_fountains_minmay, serial_ice, serial_ice_i,
          serial_ice_f, serial_ice_g, serial_ice_e, kennysheep_nondescript,
          uniq_grum, uniq_psyche, uniq_maggie
D:9:      layout_roguey [special_room_orc], lemuel_doored_altar
D:10:     layout_loops_corners, nicolae_qazlal_general_emergency,
          david_lair_shrubbed, nicolae_rejected_hall
Temple:   hellmonk_temple_divided_pantheon

Skill      XL: |  1  2  3  4  5  6  7  8  9 10 11 |
---------------+----------------------------------+-----
Earth Magic    | 4 5 6 7 8 9 10 | 10.5
Dodging        | 2 3 4 5 6 |  6.5
Conjurations   | 2 3 5 6 7 8 |  8.2
Stealth        | 3 4 6 7 8 |  8.0
Spellcasting   | 3 4 6 7 8 |  8.7

Action                     |  1- 3 |  4- 6 |  7- 9 | 10-12 || total
---------------------------+-------+-------+-------+-------++-------
  Melee: Short sword       |     4 |       |       |       ||     4
         Spear             |       |     2 |       |       ||     2
         Staff             |       |       |     9 |    15 ||    24
   Cast: Sandblast         |    41 |    80 |   121 |   111 ||   353
         Stone Arrow       |       |       |    25 |    53 ||    78
         Brom's Barrelling |       |       |       |    11 ||    11
  Evoke: Wand              |       |       |       |    10 ||    10
    Use: Scroll            |       |     8 |     1 |     2 ||    11
         Potion            |       |       |       |     4 ||     4
   Stab: Invisible         |       |       |       |     1 ||     1
 Armour: Robe              |     6 |    15 |    39 |    88 ||   148
  Dodge: Dodged            |     8 |    20 |    70 |   136 ||   234
